Map: Eternal Empire LE

Players

Bombs

  • Race: Zerg Zerg
  • Spawn Location: 1:00

A.I. 2 (Elite) - Winner!

  • Race: Terran Terran
  • Spawn Location: 7:00

VOD

Have the link to the VOD?

Description

Time

  • Played on: Sept. 5, 2020, 5:51 p.m.
  • Length: 13:22
Show
View Real Time Build Order
Export as new Build Order

Bombs Zerg 

Build Orders: Hatch First 

Get SALT Encoding   

  12  0:00  Drone  
  13  0:13  Overlord  
  13  0:18  Drone  
  14  0:32  Drone x2  
  14  0:35  Drone  
  17  0:53  Hatchery  
  17  0:56  Drone  
  17  0:58  Extractor  
  17  1:01  Drone  
  17  1:17  Spawning Pool  
  16  1:18  Drone  
  16  1:23  Drone  
  18  1:28  Drone  
  19  1:41  Drone  
  20  1:50  Overlord  
  20  2:06  Zergling x4  
  20  2:07  Queen x2  
  26  2:12  Metabolic Boost  
  26  2:16  Drone  
  26  2:19  Drone  
  28  2:39  Hatchery  
  28  2:44  Drone x2  
  29  2:51  Queen  
  29  2:58  Overlord  
  31  3:01  Drone  
  31  3:03  Drone  
  33  3:11  Drone x3  
  36  3:23  Overlord  
  36  3:27  Overlord, Drone  
  37  3:33  Queen  
  39  3:39  Drone x3  
  39  3:40  Drone  
  43  3:46  Drone x3  
  46  3:55  Spore Crawler  
  46  3:57  Spore Crawler  
  46  3:59  Baneling Nest  
  46  4:00  Zergling x6  
  46  4:06  Queen  
  48  4:15  Overlord  
  48  4:16  Drone x2  
  50  4:18  Zergling x2  
  50  4:19  Zergling x4  
  50  4:20  Zergling x2  
  50  4:22  Zergling x2  
  55  4:33  Overlord  
  55  4:34  Drone x5  
  60  4:44  Baneling x7  
  59  4:47  Queen  
  59  4:49  Spore Crawler  
  59  4:51  Drone  
  59  4:52  Drone  
  62  4:53  Drone  
  62  4:59  Overlord  
  64  5:00  Drone x2  
  65  5:11  Overlord x2  
  65  5:18  Drone x6  
  71  5:22  Extractor  
  71  5:23  Lair, Queen, Extractor  
  71  5:34  Evolution Chamber, Drone x5  
  71  5:35  Drone  
  76  5:37  Evolution Chamber  
  76  5:39  Drone x3  
  78  5:44  Overlord  
  78  5:48  Drone x2  
  80  5:56  Overlord, Drone  
  80  5:57  Drone x5  
  86  6:04  Drone x3  
  89  6:12  Extractor  
  89  6:13  Extractor  
  89  6:14  Zerg Melee Weapons Level 1, Zerg Ground Armor Level 1, Extractor  
  86  6:19  Queen  
  86  6:24  Drone  
  86  6:25  Hydralisk Den, Drone  
  90  6:26  Drone x3  
  90  6:27  Drone x3  
  90  6:28  Drone x2  
  97  6:43  Hatchery  
  96  6:50  Overlord  
  96  6:51  Zergling x14  
  96  6:52  Zergling x6  
  106  7:10  Hydralisk x6  
  106  7:13  Overlord x2  
  106  7:14  Overlord x2  
  106  7:15  Grooved Spines  
  118  7:16  Zergling x2  
  119  7:36  Hydralisk x10  
  139  7:42  Overlord x3  
  139  7:45  Centrifical Hooks  
  139  7:49  Baneling x9  
  139  7:51  Zergling x6  
  139  7:55  Queen  
  144  8:00  Drone x4  
  148  8:08  Zerg Melee Weapons Level 2  
  148  8:11  Zergling x10  
  148  8:12  Zergling x14  
  160  8:13  Zerg Ground Armor Level 2  
  160  8:20  Unknown  
  160  8:26  Muscular Augments  
  159  8:29  Overlord  
  159  8:30  Overlord x2  
  159  8:44  Hydralisk  
  159  8:45  Hydralisk x10  
  181  9:05  Infestation Pit  
  181  9:07  Hydralisk x4  
  181  9:08  Hydralisk x3  
  194  9:10  Zergling x8  
  198  9:19  Hatchery  
  197  9:30  Baneling x16  
  197  9:31  Baneling x4  
  168  9:56  Zergling x2  
  168  9:57  Zergling x24  
  180  10:12  Hive  
  180  10:22  Zergling x20  
  180  10:26  Baneling x19  
  180  10:27  Baneling x13  
  190  10:32  Drone  
  190  10:33  Drone x2  
  193  11:01  Drone x6  
  199  11:32  Hatchery  
  199  11:36  Ultralisk Cavern  
  191  11:42  Hatchery  
  191  11:46  Hydralisk x10  
  194  11:48  Zergling x16  
  197  11:58  Extractor  
  197  12:00  Extractor  
Show
View Real Time Build Order
Export as new Build Order

A.I. 2 (Elite) Terran - Winner!

Build Orders:  

Get SALT Encoding   

  12  0:00  SCV  
  13  0:13  SCV  
  14  0:18  Supply Depot  
  14  0:25  SCV  
  15  0:40  SCV  
  16  0:43  Barracks  
  16  0:52  SCV  
  17  1:04  SCV  
  18  1:16  SCV  
  18  1:18  Command Center  
  19  1:30  Marine  
  20  1:33  Orbital Command  
  20  1:46  Supply Depot  
  20  1:47  Marine  
  20  1:50  Refinery  
  21  1:58  SCV  
  22  2:05  Marine  
  23  2:10  SCV, Barracks  
  24  2:16  Refinery  
  24  2:23  SCV, Marine  
  24  2:29  Supply Depot  
  26  2:30  SCV  
  27  2:44  Orbital Command  
  27  2:47  Marine  
  27  2:50  SCV  
  29  3:00  Factory  
  29  3:02  SCV  
  29  3:04  Marine  
  31  3:07  Marine  
  31  3:10  SCV  
  33  3:14  SCV  
  34  3:22  Marine  
  34  3:23  SCV  
  34  3:25  Marine  
  34  3:26  SCV  
  38  3:29  Barracks  
  38  3:35  SCV  
  38  3:38  SCV  
  40  3:41  Barracks Tech Lab  
  40  3:44  Barracks Tech Lab  
  40  3:45  Factory Tech Lab  
  40  3:48  SCV  
  41  3:49  Starport  
  41  3:50  SCV  
  42  3:59  Marine  
  42  4:00  SCV, Stimpack  
  42  4:02  SCV, Marine  
  45  4:03  Combat Shield  
  45  4:09  Supply Depot  
  46  4:15  SCV x2  
  48  4:18  Marine  
  48  4:20  Marine  
  48  4:22  Marine  
  51  4:27  SCV  
  51  4:28  SCV  
  51  4:31  Medivac, Supply Depot  
  55  4:39  SCV  
  55  4:40  SCV  
  55  4:42  Siege Tank  
  55  4:43  Marine  
  55  4:44  Supply Depot, Marine  
  62  4:52  Marine  
  62  4:53  SCV x2, Supply Depot  
  62  4:59  Engineering Bay  
  65  5:01  Medivac  
  65  5:06  SCV, Refinery, Marauder  
  70  5:11  Marauder  
  70  5:12  Refinery  
  70  5:13  SCV  
  73  5:18  SCV  
  73  5:20  Supply Depot  
  74  5:25  SCV  
  74  5:28  Marauder  
  77  5:30  SCV  
  77  5:32  Marauder  
  80  5:37  SCV  
  80  5:41  Terran Infantry Weapons Level 1  
  80  5:42  SCV  
  82  5:43  Engineering Bay  
  82  5:44  Supply Depot  
  82  5:49  SCV, Marauder  
  85  5:50  Command Center  
  85  5:55  SCV  
  86  5:58  Marauder  
  86  6:02  Barracks Reactor  
  88  6:05  Hellion  
  88  6:09  Terran Infantry Armor Level 1  
  88  6:10  Marauder  
  92  6:11  Supply Depot  
  92  6:19  Marauder  
  92  6:20  Concussive Shells, Missile Turret  
  94  6:25  Missile Turret  
  94  6:26  Siege Tank  
  94  6:30  Barracks  
  94  6:32  Marauder  
  99  6:35  Supply Depot  
  99  6:38  Starport Reactor  
  99  6:41  Marauder  
  101  6:48  Missile Turret  
  101  6:53  Marauder  
  103  6:59  Hellion, Supply Depot  
  105  7:02  Marauder  
  105  7:03  SCV x2  
  105  7:04  SCV  
  110  7:15  SCV, Refinery, Orbital Command  
  111  7:16  SCV  
  111  7:18  Missile Turret  
  111  7:20  Hellion, Missile Turret  
  114  7:25  Medivac  
  114  7:27  SCV  
  114  7:29  SCV, Factory  
  118  7:31  Supply Depot  
  118  7:35  Starport  
  118  7:39  SCV  
  118  7:40  Command Center, Missile Turret  
  118  7:41  Widow Mine  
  121  7:49  SCV  
  121  7:51  SCV  
  123  7:52  SCV  
  124  7:58  Hi-Sec Auto Tracking  
  124  8:01  SCV  
  124  8:02  Siege Tank  
  124  8:03  SCV, Missile Turret  
  129  8:07  SCV  
  129  8:08  Supply Depot  
  129  8:12  Armory, Starport Tech Lab, Widow Mine  
  132  8:13  SCV  
  132  8:16  SCV  
  132  8:19  SCV  
  135  8:25  SCV  
  136  8:29  Armory  
  136  8:34  Factory Tech Lab  
  136  8:35  Siege Tank  
  136  8:38  Supply Depot  
  139  8:48  Refinery  
  139  8:51  Raven  
  139  8:53  Siege Tank  
  144  8:59  Terran Infantry Weapons Level 2  
  144  9:01  Terran Vehicle Weapons Level 1  
  144  9:04  Planetary Fortress, Refinery  
  144  9:07  Missile Turret, Widow Mine  
  144  9:09  Missile Turret  
  146  9:11  Refinery  
  146  9:15  Barracks  
  146  9:16  Terran Vehicle And Ship Armor Level 1  
  146  9:22  Command Center  
  146  9:25  Widow Mine  
  146  9:28  Siege Tank  
  151  9:34  Raven, Neosteel Armor  
  151  9:35  Marine  
  151  9:36  Marine, Barracks Tech Lab  
  151  9:38  Marine x2  
  156  9:41  Medivac  
  156  9:44  Supply Depot  
  159  9:47  Hellion  
  110  9:53  Marine  
  110  9:54  Marauder, Marine  
  110  9:56  Marine x2  
  98  10:00  Hellion  
  98  10:01  Marine  
  101  10:08  Medivac, Hellion  
  101  10:12  Marauder, Marine  
  101  10:13  Marine  
  101  10:14  Medivac, Marine  
  111  10:16  Marauder  
  111  10:18  Medivac  
  111  10:19  Marine  
  117  10:21  Siege Tank  
  120  10:29  Siege Tank  
  120  10:30  Marine  
  120  10:31  Marine  
  120  10:32  Marine  
  120  10:33  Marauder  
  128  10:36  Marine  
  128  10:37  Marine  
  128  10:42  Planetary Fortress, Refinery  
  130  10:45  Missile Turret x2  
  130  10:48  Refinery, Marine  
  130  10:49  Marine  
  132  10:50  Marine  
  132  10:54  Cyclone, Marauder  
  132  10:55  Marine  
  139  10:59  Terran Vehicle Weapons Level 2  
  139  11:01  Command Center, Siege Tank  
  142  11:06  Marauder  
  144  11:12  Marine  
  144  11:13  Marauder  
  144  11:14  Marine  
  144  11:16  Marauder, Liberator  
  153  11:26  Widow Mine  
  153  11:27  Marauder  
  156  11:33  SCV  
  156  11:34  Marauder, Widow Mine  
  156  11:37  Marauder  
  163  11:42  Marine  
  163  11:44  Marine  
  163  11:45  Marine  
  127  11:47  Siege Tank  
  127  11:49  Marauder  
  127  11:53  SCV  
  118  11:55  SCV, Marine, Siege Tank  
  118  11:56  SCV  
  118  11:57  SCV  
  118  11:58  SCV, Marine  
  118  12:00  Marine  
  120  12:02  Marine x2  
  120  12:05  SCV  
  120  12:07  SCV  
  100  12:10  Marauder  
  100  12:12  SCV  
  100  12:14  SCV, Marauder  
  84  12:16  SCV, Marauder  
  84  12:18  Marine  
  84  12:19  Marine, Siege Tank  
  83  12:27  Hellion  
  68  12:31  Marine  
  68  12:32  SCV  
  68  12:35  SCV, Marauder  
  63  12:44  SCV x2  
  53  12:48  SCV x3  
  52  12:52  Hellion  
  52  12:56  SCV, Marine  
  53  13:00  SCV  
  53  13:02  SCV  
  47  13:15  Command Center  
Tags
 
Add a new tag
Caveats
  • Supply blocks, unpowered buildings, or Contaminate may cause inaccurate times.
  • Supply counts are checked every 10 seconds.